TOP OF THE 1ST |
Kenosha Kingfish batting - Pitching for Nantucket Orcas : RHP Pedro Santiago
|
Pitching: RHP Pedro Santiago
|
|
Batting: RHB Esteban Ayala
|
0-0: Fly out, F8 (Flyball, 78M)
|
Batting: RHB Bob Lee
|
0-0: Ground out 6-3 (Groundball, 56)
|
Batting: LHB Jon Quinn
|
0-0: Called Strike 0-1: Ball 1-1: Fly out, F7 (Flyball, 7LSF)
|
Top of the 1st over - 0 run(s), 0 hit(s), 0 error(s), 0 left on base; Kenosha 0 - Nantucket 0 |
BOTTOM OF THE 1ST |
Nantucket Orcas batting - Pitching for Kenosha Kingfish : RHP Doug Scott
|
Pitching: RHP Doug Scott
|
|
Batting: RHB Jorge Hernández
|
0-0: Called Strike 0-1: Ball 1-1: Foul Ball, location: 2F 1-2: Fly out, F8 (Flyball, 89S)
|
Batting: RHB Ramón Díaz
|
0-0: Foul Ball, location: 2F 0-1: Ball 1-1: Ball 2-1: Foul Ball, location: 2F 2-2: Ball 3-2: DOUBLE (Flyball, 7)
|
Batting: SHB Cory Campbell
|
0-0: Ball 1-0: Called Strike 1-1: Ball 2-1: Ball 3-1: Foul Ball, location: 2F 3-2: TRIPLE (Line Drive, 3D) Ramón Díaz scores
|
Batting: RHB Pepe Franco
|
0-0: Foul Ball, location: 2F 0-1: Ground out 4-3 (Groundball, 4M) Cory Campbell scores
|
Batting: LHB Noah Gillespie
|
0-0: Ball 1-0: Foul Ball, location: 2F 1-1: Ball 2-1: Swinging Strike 2-2: Strikes out looking
|
Bottom of the 1st over - 2 run(s), 2 hit(s), 0 error(s), 0 left on base; Kenosha 0 - Nantucket 2 |
TOP OF THE 2ND |
Kenosha Kingfish batting - Pitching for Nantucket Orcas : RHP Pedro Santiago
|
Batting: RHB Sergio Mata
|
0-0: Ball 1-0: Ball 2-0: Ball 3-0: Called Strike 3-1: SINGLE (Groundball, 56D)
|
Batting: SHB John Beach
|
0-0: Ball 1-0: Ball 2-0: Ball 3-0: Base on Balls Sergio Mata to second
|
Batting: RHB Eugene Williams
|
0-0: Foul Ball, location: 2F 0-1: Fielders Choice at 2nd, 5-4 (Groundball, 5) Sergio Mata to third
|
Batting: LHB Gustavo Gómez
|
0-0: Called Strike 0-1: Called Strike 0-2: Ball 1-2: Ball 2-2: Strikes out looking
|
Batting: RHB Tommy Davenport
|
0-0: Called Strike 0-1: Foul Ball, location: 2F 0-2: Ground out 4-3 (Groundball, 34)
|
Top of the 2nd over - 0 run(s), 1 hit(s), 0 error(s), 2 left on base; Kenosha 0 - Nantucket 2 |
BOTTOM OF THE 2ND |
Nantucket Orcas batting - Pitching for Kenosha Kingfish : RHP Doug Scott
|
Now at 3B: Júlio Valentín
|
|
Batting: RHB César Osequedo
|
0-0: Called Strike 0-1: Ground out 6-3 (Groundball, 6S)
|
Batting: RHB Anastasio Zartuche
|
0-0: Called Strike 0-1: Foul Ball, location: 2F 0-2: Foul Ball, location: 2F 0-2: Ball 1-2: Foul Ball, location: 2F 1-2: Foul Ball, location: 2F 1-2: Foul Ball, location: 2F 1-2: Ball 2-2: Ball 3-2: SINGLE (Groundball, 6MD)
|
Batting: RHB Domingo Hernández
|
0-0: Ball 1-0: Called Strike 1-1: Fly out, F6 (Line Drive, 56)
|
Batting: LHB Carter Sweet
|
0-0: Called Strike 0-1: Foul Ball, location: 2F 0-2: Ball 1-2: Ball 2-2: Fly out, F8 (Flyball, 8LS)
|
Bottom of the 2nd over - 0 run(s), 1 hit(s), 0 error(s), 1 left on base; Kenosha 0 - Nantucket 2 |
TOP OF THE 3RD |
Kenosha Kingfish batting - Pitching for Nantucket Orcas : RHP Pedro Santiago
|
Batting: LHB Marvin Nichols
|
0-0: Called Strike 0-1: Ball 1-1: DOUBLE (Flyball, 78XD)
|
Batting: RHB Esteban Ayala
|
0-0: Called Strike 0-1: Fly out, F7 (Flyball, 7D) Runner from 2nd tags up, SAFE at 3rd, no throw
|
Batting: RHB Bob Lee
|
0-0: Called Strike 0-1: Called Strike 0-2: Ground out 6-3 (Groundball, 6) Marvin Nichols scores
|
Batting: LHB Jon Quinn
|
0-0: Called Strike 0-1: Foul Ball, location: 2F 0-2: Strikes out looking
|
Top of the 3rd over - 1 run(s), 1 hit(s), 0 error(s), 0 left on base; Kenosha 1 - Nantucket 2 |
BOTTOM OF THE 3RD |
Nantucket Orcas batting - Pitching for Kenosha Kingfish : RHP Doug Scott
|
Batting: RHB Jorge Hernández
|
0-0: Called Strike 0-1: Fly out, F8 (Flyball, 8LM)
|
Batting: RHB Ramón Díaz
|
0-0: Foul Ball, location: 2F 0-1: Foul Ball, location: 2F 0-2: Foul Ball, location: 2F 0-2: Ball 1-2: Ground out U3 (Groundball, 34)
|
Batting: SHB Cory Campbell
|
0-0: Ball 1-0: Called Strike 1-1: Foul Ball, location: 2F 1-2: Ball 2-2: TRIPLE (Line Drive, 9)
|
Batting: RHB Pepe Franco
|
0-0: Ball 1-0: Ground out 4-3 (Groundball, 4)
|
Bottom of the 3rd over - 0 run(s), 1 hit(s), 0 error(s), 1 left on base; Kenosha 1 - Nantucket 2 |
TOP OF THE 4TH |
Kenosha Kingfish batting - Pitching for Nantucket Orcas : RHP Pedro Santiago
|
Batting: RHB Sergio Mata
|
0-0: Called Strike 0-1: Ball 1-1: Foul Ball, location: 2F 1-2: Strikes out swinging
|
Batting: SHB Júlio Valentín
|
0-0: Ball 1-0: Called Strike 1-1: Swinging Strike 1-2: Ball 2-2: Strikes out swinging
|
Batting: RHB Eugene Williams
|
0-0: Ground out 6-3 (Groundball, 6)
|
Top of the 4th over - 0 run(s), 0 hit(s), 0 error(s), 0 left on base; Kenosha 1 - Nantucket 2 |
BOTTOM OF THE 4TH |
Nantucket Orcas batting - Pitching for Kenosha Kingfish : RHP Doug Scott
|
Batting: LHB Noah Gillespie
|
0-0: Ball 1-0: Ground out U3 (Groundball, 34S)
|
Batting: RHB César Osequedo
|
0-0: SOLO HOME RUN (Flyball, 78XD), Distance : 399 ft
|
Batting: RHB Anastasio Zartuche
|
0-0: Fly out, F7 (Line Drive, 7)
|
Batting: RHB Domingo Hernández
|
0-0: Foul Ball, location: 2F 0-1: Foul Ball, location: 2F 0-2: Ball 1-2: Foul Ball, location: 2F 1-2: Ball 2-2: Strikes out swinging, 2-3 out at first.
|
Bottom of the 4th over - 1 run(s), 1 hit(s), 0 error(s), 0 left on base; Kenosha 1 - Nantucket 3 |
TOP OF THE 5TH |
Kenosha Kingfish batting - Pitching for Nantucket Orcas : RHP Pedro Santiago
|
Batting: LHB Gustavo Gómez
|
0-0: Called Strike 0-1: Foul Ball, location: 2F 0-2: SINGLE (Groundball, 4D)
|
Batting: RHB Tommy Davenport
|
0-0: Called Strike 0-1: Foul Ball, location: 2F 0-2: Ball 1-2: Ball 2-2: Grounds into double play, 4-6-3 (Groundball, 4)
|
Batting: LHB Marvin Nichols
|
0-0: Called Strike 0-1: Fly out, F7 (Flyball, 7LS)
|
Top of the 5th over - 0 run(s), 1 hit(s), 0 error(s), 0 left on base; Kenosha 1 - Nantucket 3 |
BOTTOM OF THE 5TH |
Nantucket Orcas batting - Pitching for Kenosha Kingfish : RHP Doug Scott
|
Batting: LHB Carter Sweet
|
0-0: Ball 1-0: SINGLE (Groundball, 4MD)
|
Batting: RHB Jorge Hernández
|
0-0: Called Strike 0-1: Called Strike 0-2: Ball 1-2: Foul Ball, location: 2F 1-2: Fielders Choice at 2nd, 4-6 (Groundball, 4)
|
Batting: RHB Ramón Díaz
|
0-0: Swinging Strike 0-1: Fly out, F5 (Line Drive, 5)
|
Batting: SHB Cory Campbell
|
0-0: Ball 1-0: Ball 2-0: Ball 3-0: Base on Balls Jorge Hernández to second
|
Batting: RHB Pepe Franco
|
0-0: Ball 1-0: Called Strike 1-1: Ball 2-1: Swinging Strike 2-2: Fly out, F9 (Flyball, 9S)
|
Bottom of the 5th over - 0 run(s), 1 hit(s), 0 error(s), 2 left on base; Kenosha 1 - Nantucket 3 |
TOP OF THE 6TH |
Kenosha Kingfish batting - Pitching for Nantucket Orcas : RHP Pedro Santiago
|
Batting: RHB Esteban Ayala
|
0-0: Ball 1-0: Fly out, F9 (Line Drive, 9LM)
|
Batting: RHB Bob Lee
|
0-0: Called Strike 0-1: Ball 1-1: Swinging Strike 1-2: Ball 2-2: Foul Ball, location: 2F 2-2: Strikes out swinging
|
Batting: LHB Jon Quinn
|
0-0: Called Strike 0-1: Ground out 6-3 (Groundball, 6)
|
Top of the 6th over - 0 run(s), 0 hit(s), 0 error(s), 0 left on base; Kenosha 1 - Nantucket 3 |
BOTTOM OF THE 6TH |
Nantucket Orcas batting - Pitching for Kenosha Kingfish : RHP Doug Scott
|
Pitching: RHP Kel Meyer
|
|
Batting: LHB Noah Gillespie
|
0-0: Ball 1-0: Foul Ball, location: 2F 1-1: Ball 2-1: Foul Ball, location: 2F 2-2: Ball 3-2: SINGLE (Groundball, 3S) (infield hit)
|
Batting: RHB César Osequedo
|
0-0: Called Strike 0-1: Ball 1-1: Ball 2-1: Called Strike 2-2: Foul Ball, location: 2F 2-2: Fielders Choice at 2nd, 6-4 (Groundball, 6)
|
Batting: RHB Anastasio Zartuche
|
0-0: Ball 1-0: Swinging Strike 1-1: Ball César Osequedo is caught stealing 2nd base 2-1: TRIPLE (Line Drive, 7LM)
|
Batting: RHB Domingo Hernández
|
0-0: Fly out, F8 (Flyball, 8LD)
|
Bottom of the 6th over - 0 run(s), 2 hit(s), 0 error(s), 1 left on base; Kenosha 1 - Nantucket 3 |
TOP OF THE 7TH |
Kenosha Kingfish batting - Pitching for Nantucket Orcas : RHP Pedro Santiago
|
Batting: RHB Sergio Mata
|
0-0: Called Strike 0-1: Ground out 1-3 (Groundball, 13S)
|
Batting: SHB Júlio Valentín
|
0-0: Foul Ball, location: 2F 0-1: Foul Ball, location: 2F 0-2: Strikes out swinging
|
Batting: RHB Eugene Williams
|
0-0: Ball 1-0: Ball 2-0: Called Strike 2-1: SOLO HOME RUN (Flyball, 7D), Distance : 369 ft
|
Batting: LHB Gustavo Gómez
|
0-0: Ball 1-0: Foul Ball, location: 2F 1-1: Ball 2-1: Foul Ball, location: 2F 2-2: Strikes out swinging
|
Top of the 7th over - 1 run(s), 1 hit(s), 0 error(s), 0 left on base; Kenosha 2 - Nantucket 3 |
BOTTOM OF THE 7TH |
Nantucket Orcas batting - Pitching for Kenosha Kingfish : RHP Kel Meyer
|
Batting: LHB Carter Sweet
|
0-0: Swinging Strike 0-1: Ball 1-1: Swinging Strike 1-2: Foul Ball, location: 2F 1-2: Ball 2-2: Ball 3-2: Strikes out swinging
|
Batting: RHB Jorge Hernández
|
0-0: Called Strike 0-1: Swinging Strike 0-2: Ball 1-2: Ball 2-2: Foul Ball, location: 2F 2-2: Strikes out swinging
|
Batting: RHB Ramón Díaz
|
0-0: Ball 1-0: Ball 2-0: Called Strike 2-1: Ball 3-1: Swinging Strike 3-2: Base on Balls
|
Batting: SHB Cory Campbell
|
0-0: Ball 1-0: Ball 2-0: Ball 3-0: Base on Balls Ramón Díaz to second
|
Pinch Hitting: LHB Juan Lima
|
0-0: Called Strike 0-1: Ball 1-1: Swinging Strike 1-2: Strikes out swinging
|
Bottom of the 7th over - 0 run(s), 0 hit(s), 0 error(s), 2 left on base; Kenosha 2 - Nantucket 3 |
TOP OF THE 8TH |
Kenosha Kingfish batting - Pitching for Nantucket Orcas : RHP Pedro Santiago
|
Pitching: RHP Sean Flynn
|
|
Now at 3B: Dan Dunn
|
|
Batting: RHB Tommy Davenport
|
0-0: Called Strike 0-1: Called Strike 0-2: Foul Ball, location: 2F 0-2: Foul Ball, location: 2F 0-2: Ball 1-2: Strikes out swinging
|
Pitching: LHP Josh Chamberlain
|
|
Batting: LHB Marvin Nichols
|
0-0: Ball 1-0: Foul Ball, location: 2F 1-1: Foul Ball, location: 2F 1-2: Ball 2-2: SINGLE (Line Drive, 4MD)
|
Pitching: RHP Armando Chávez
|
|
Pinch Hitting: LHB Henry Durham
|
0-0: Ball 1-0: Bunted foul 1-1: Sac Bunt - play at first, batter OUT! 5-4 Marvin Nichols to second
|
Pinch Hitting: RHB Rubén Hernández
|
0-0: Called Strike 0-1: Ball 1-1: Ball 2-1: Ground out 5-3 (Groundball, 56)
|
Top of the 8th over - 0 run(s), 1 hit(s), 0 error(s), 1 left on base; Kenosha 2 - Nantucket 3 |
BOTTOM OF THE 8TH |
Nantucket Orcas batting - Pitching for Kenosha Kingfish : RHP Kel Meyer
|
Now at 2B: Manuel Gómez
|
|
Now in RF: Henry Durham
|
|
Batting: LHB Noah Gillespie
|
0-0: Ball 1-0: Called Strike 1-1: Swinging Strike 1-2: Strikes out swinging
|
Pitching: LHP Javier Robles
|
|
Batting: RHB César Osequedo
|
0-0: Ball 1-0: Ball 2-0: Ball 3-0: Called Strike 3-1: Foul Ball, location: 2F 3-2: SOLO HOME RUN (Flyball, 7D), Distance : 368 ft
|
Batting: RHB Anastasio Zartuche
|
0-0: Ball 1-0: Swinging Strike 1-1: SINGLE (Groundball, 56D)
|
Batting: RHB Domingo Hernández
|
0-0: Ball 1-0: Called Strike 1-1: Ball 2-1: SINGLE (Flyball, 78S) Anastasio Zartuche to second
|
Batting: LHB Carter Sweet
|
0-0: Grounds into double play, 4-6-3 (Groundball, 4)
|
Bottom of the 8th over - 1 run(s), 3 hit(s), 0 error(s), 1 left on base; Kenosha 2 - Nantucket 4 |
TOP OF THE 9TH |
Kenosha Kingfish batting - Pitching for Nantucket Orcas : RHP Armando Chávez
|
Pitching: LHP José Rodríguez
|
|
Batting: LHB Jon Quinn
|
0-0: Foul Ball, location: 2F 0-1: Swinging Strike 0-2: Ball 1-2: Ball 2-2: Strikes out swinging
|
Batting: RHB Sergio Mata
|
0-0: Called Strike 0-1: Foul Ball, location: 2F 0-2: Strikes out swinging
|
Batting: SHB Júlio Valentín
|
0-0: Foul Ball, location: 2F 0-1: Foul Ball, location: 2F 0-2: Foul Ball, location: 2F 0-2: Ball 1-2: SINGLE (Line Drive, 89S)
|
Pinch Hitting: RHB José Vargas
|
0-0: Ball 1-0: SINGLE (Groundball, 34D) Júlio Valentín to second Runner from 2nd tries for 3rd, SAFE, throw made to third José Vargas to second
|
Batting: LHB Gustavo Gómez
|
0-0: Ball 1-0: Ball 2-0: Ball 3-0: Base on Balls
|
Batting: RHB Tommy Davenport
|
0-0: Ball 1-0: Swinging Strike 1-1: Foul Ball, location: 2F 1-2: Strikes out looking
|
Top of the 9th over - 0 run(s), 2 hit(s), 0 error(s), 3 left on base; Kenosha 2 - Nantucket 4 |
|